 Dungeon Crawl Stone Soup version 0.30-a0-778-g2ef04afb54 (webtiles) character file.

Game seed: 8318630961187705315

135 Wobber the Grave Robber (level 4, -5/33 HPs)
             Began as a Demonspawn Necromancer on Feb 16, 2023.
             Killed by nerve-wracking pain
             ... invoked by an orc priest
              (9 damage)
             ... on level 3 of the Dungeon.
             The game lasted 00:08:56 (2271 turns).

Wobber the Grave Robber (Demonspawn Necromancer)    Turns: 2271, Time: 00:08:56

Health: -5/33      AC:  6    Str:  9    XL:     4   Next: 97%
Magic:  0/8        EV: 12    Int: 18    God:
Gold:   176        SH:  0    Dex: 13    Spells: 4/8 levels left

rFire   . . .      SeeInvis .    d - +1 short sword (speed)
rCold   . . .      Faith    .    (no shield)
rNeg    . . .      Spirit   .    a - +0 robe
rPois   .          Reflect  .    (helmet restricted)
rElec   .          Harm     .    (no cloak)
rCorr   .          Rampage  .    l - +2 pair of gloves
Will    .....                    c - +0 pair of boots
Stlth   ++                       (no amulet)
HPRegen 0.25/turn                (no ring)
MPRegen 0.11/turn                (no ring)

@: no status effects
A: antennae 1, foul stench 1, demonic magic 1
a: no special abilities


You were on level 3 of the Dungeon.
You visited 1 branch of the dungeon, and saw 3 of its levels.

You collected 176 gold pieces.

Inventory:

Hand Weapons
 d - a +1 short sword of speed (weapon)
Missiles
 e - 10 poisoned darts
Armour
 a - a +0 robe (worn)
 c - a +0 pair of boots (worn)
 l - a +2 pair of gloves (worn)
Jewellery
 m - a ring of protection from fire
Scrolls
 f - a scroll of immolation {unknown}
 h - 2 scrolls of identify {unknown}
 i - a scroll of blinking {unknown}
 j - a scroll of fear {unknown}
 n - a scroll of amnesia {unknown}
Potions
 b - a potion of magic
 g - 4 potions of curing {unknown}
 k - a potion of mutation {unknown}


   Skills:
 + Level 1.8 Fighting
 - Level 2.2 Dodging
 - Level 1.9 Stealth
 + Level 2.8 Spellcasting
 * Level 5.6 Necromancy


You had 4 spell levels left.
You knew the following spells:

 Your Spells              Type           Power      Damage    Failure   Level
a - Necrotise             Necr           88%        1d8       1%          1
b - Vampiric Draining     Necr           22%        2d7       4%          3

Your spell library contained the following spells:

 Spells                   Type           Power      Damage    Failure   Level
 Cigotuvi's Dreadful Rot  Necr/Pois/Air  18%        N/A       12%         2
 Animate Dead             Necr           22%        N/A       16%         4
 Poisonous Vapours        Pois/Air       4%         N/A       26%         2
 Mephitic Cloud           Conj/Pois/Air  2%         N/A       45%         3
 Agony                    Necr           22%        N/A       41%         5


Dungeon Overview and Level Annotations

Branches:
Dungeon (3/15)

Altars:
Trog


Innate Abilities, Weirdness & Mutations

You have a pair of small antennae on your head.
You may rarely emit foul miasma when damaged in melee.
Spells you cast may paralyse adjacent enemies.


Message History

Aiming: Necrotise (safe; 1% risk of failure)
Press: ? - help, Shift-Dir - straight line, f - orc priest
Aim: an orc priest, wielding a +0 flail and wearing a +0 leather armour (ally target, chance to affect: 81%)
Okay, then.
The orc priest hits your orc skeleton with a +0 flail.
Your orc skeleton barely misses the orc priest.
The orc priest hits your orc skeleton with a +0 flail!
Your orc skeleton is destroyed!
The orc priest hits you with a +0 flail.
You barely miss the orc priest.
Your orc skeleton hits the orc priest but does no damage.
You are too injured to fight recklessly!
Casting: Necrotise (safe; 1% risk of failure)
Confirm with . or Enter, or press ? or * to list all spells.
Aiming: Necrotise (safe; 1% risk of failure)
Press: ? - help, Shift-Dir - straight line, f - orc priest
Aim: an orc priest, wielding a +0 flail and wearing a +0 leather armour (ally target, chance to affect: 81%)
The orc priest barely resists.
Malevolent energies surge around you.
The orc priest hits you with a +0 flail.
Your orc skeleton hits the orc priest.
Casting: Necrotise (safe; 1% risk of failure)
Confirm with . or Enter, or press ? or * to list all spells.
Aiming: Necrotise (safe; 1% risk of failure)
Press: ? - help, Shift-Dir - straight line, f/p - orc priest
Aim: an orc priest, wielding a +0 flail and wearing a +0 leather armour (lightly wounded, ally target, chance to affect: 81%)
The orc priest writhes in agony.
Malevolent energies surge around you.
The orc priest hits you with a +0 flail!
* * * LOW HITPOINT WARNING * * *
You emit a cloud of foul miasma!
Casting: Necrotise (safe; 1% risk of failure)
Confirm with . or Enter, or press ? or * to list all spells.
Aiming: Necrotise (safe; 1% risk of failure)
Press: ? - help, Shift-Dir - straight line, f/p - orc priest
Aim: an orc priest, wielding a +0 flail and wearing a +0 leather armour (foul pestilence, moderately wounded, ally target, chance to affect: 81%)
The orc priest writhes in agony!
Malevolent energies surge around you.
The orc priest is engulfed in dark miasma.
The orc priest is poisoned.
The orc priest mumbles some strange prayers to Beogh against you.
Pain shoots through your body!
You die...

#.# ##.##
###...#
#######.....#
#.........[.#
#.#####.##.##
#.##.#########
#.#...........
#.#Z@###......
.#.o.# .####.
###.)###.####.#
##.).........
#....#.......
#.....#...##..
......#####...
#####.. ....>
#.. #.#.


You could see an orc priest (poisoned, ally target) and a friendly orc skeleton.

Vanquished Creatures
  An orc priest (D:3)
  4 adders (D:2)
  A worm (D:3)
  A dart slug (D:3)
  7 orcs
  7 endoplasms
  A giant cockroach (D:1)
  3 goblins (D:2)
  6 hobgoblins
  5 kobolds
  4 ball pythons
  4 bats
  A frilled lizard (D:1)
  6 rats
51 creatures vanquished.

Vanquished Creatures (collateral kills)
  An orc (D:3)
  An endoplasm (D:2)
  A goblin (D:1)
  A frilled lizard (D:2)
4 creatures vanquished.

Grand Total: 55 creatures vanquished

Notes
Turn   | Place    | Note
-------+----------+-------------------------------------------
     0 | D:1      | Wobber the Demonspawn Necromancer began the quest for the
                  | Orb.
     0 | D:1      | Reached XP level 1. HP: 13/13 MP: 3/3
   267 | D:1      | Gained mutation: You may rarely emit foul miasma when
                  | damaged in melee. [demonic ancestry]
   267 | D:1      | Reached XP level 2. HP: 20/20 MP: 3/5
  1110 | D:2      | Gained mutation: You have a pair of small antennae on your
                  | head. [demonic ancestry]
  1110 | D:2      | Reached XP level 3. HP: 25/25 MP: 4/6
  1115 | D:2      | Reached skill level 1 in Fighting
  1299 | D:2      | Reached skill level 5 in Necromancy
  1366 | D:2      | Gained mutation: Spells you cast may paralyse adjacent
                  | enemies. [demonic ancestry]
  1366 | D:2      | Reached XP level 4. HP: 32/32 MP: 3/7
  1437 | D:2      | Learned a level 3 spell: Vampiric Draining
  2042 | D:3      | Found a bloodstained altar of Trog.
  2271 | D:3      | Killed from afar by an orc priest

Illustrated notes

Levels and vault maps discovered:
D:1:      dpeg_arrival_boxes_within_box, layout_loops_ring
D:2:      wander_river, layout_basic, chequers_serial_rivers_small_b,
          grunt_decor_cap, dreamdust_wishing_well, guppyfry_early_orc_mine
D:3:      layout_loops_ring, trog_three_pillars_becter

Skill      XL: |  1  2  3 |
---------------+----------+-----
Dodging        | 2 |  2.2
Fighting       | 1 |  1.8
Necromancy     | 5 |  5.6
Stealth        | |  1.9
Spellcasting   | |  2.8

Action                     |  1- 3 |  4- 6 || total
---------------------------+-------+-------++-------
  Melee: Unarmed           |    16 |       ||    16
         Short sword       |    11 |     4 ||    15
   Cast: Necrotise         |    58 |    38 ||    96
 Armour: Robe              |    10 |     2 ||    12
  Dodge: Dodged            |    34 |     1 ||    35

Table legend: (Time is in decaauts)
 A = Elapsed time spent in this place.
 B = Non-inter-level travel time spent in this place.
 C = Inter-level travel time spent in this place.
 D = Time resting spent in this place.
 E = Time spent auto-exploring this place.
 F = Levels seen in this place.
 G = Mean time per level.
                   A        B        C        D        E       F      G
               +--------+--------+--------+--------+--------+-----+--------+
         Total |   2270 |   2220 |     50 |     22 |   1804 |   3 |  756.7 |
       Dungeon |   2270 |   2220 |     50 |     22 |   1804 |   3 |  756.7 |
               +--------+--------+--------+--------+--------+-----+--------+

Top non-repeatable levels by time:
     D:1: 1094 daAuts
     D:2: 828 daAuts
     D:3: 347 daAuts
